 Dungeon Crawl Stone Soup version 0.26-a0-611-g354ed81 (webtiles) character file.

Game seed: 14828026635383830861

11 Boetheseconed the Magician (level 2, -2/26 HPs)
             Began as a Gnoll Wanderer on Sept 6, 2020.
             Slain by a leopard gecko (4 damage)
             ... on level 1 of the Dungeon.
             The game lasted 00:03:37 (536 turns).

Boetheseconed the Magician (Gnoll Wanderer)          Turns: 536, Time: 00:03:38

Health: -2/26      AC:  2    Str: 12    XL:     2   Next: 25%
Magic:  7/7        EV:  9    Int: 16    God:
Gold:   2          SH:  9    Dex: 14    Spells: 10/10 levels left

rFire    . . .     SeeInvis .   a - +0 spear
rCold    . . .     Faith    .   c - +0 kite shield
rNeg     . . .     Spirit   .   d - +0 robe
rPois    .         Reflect  .   (no helmet)
rElec    .         Harm     .   (no cloak)
rCorr    .                      (no gloves)
MR       .....                  (no boots)
Stlth    +++.......             (no amulet)
HPRegen  0.08/turn              (no ring)
MPRegen  0.10/turn              (no ring)

@: no status effects
A: distributed training, fangs 1, strong nose
a: no special abilities


You were on level 1 of the Dungeon.
You visited 1 branch of the dungeon, and saw 1 of its levels.

You collected 2 gold pieces.

Inventory:

Hand Weapons
 a - a +0 spear (weapon)
 e - a +0 dagger
Armour
 c - a +0 kite shield (worn)
 d - a +0 robe (worn)
Jewellery
 f - an uncursed ring of protection from fire {unknown}
Scrolls
 b - a scroll of teleportation


   Skills:
 + Level 4.4 Fighting
 + Level 0.3 Short Blades
 + Level 0.3 Long Blades
 + Level 0.3 Axes
 + Level 0.3 Maces & Flails
 + Level 2.4 Polearms
 + Level 0.3 Staves
 + Level 0.3 Slings
 + Level 0.3 Bows
 + Level 0.3 Crossbows
 + Level 0.3 Throwing
 + Level 0.3 Armour
 + Level 0.3 Dodging
 + Level 4.0 Stealth
 + Level 4.4 Shields
 + Level 0.3 Unarmed Combat
 + Level 4.9 Spellcasting
 + Level 0.2 Conjurations
 + Level 0.2 Hexes
 + Level 0.2 Summonings
 + Level 0.2 Necromancy
 + Level 0.2 Translocations
 + Level 0.2 Transmutations
 + Level 0.2 Fire Magic
 + Level 2.0 Ice Magic
 + Level 0.2 Air Magic
 + Level 0.2 Earth Magic
 + Level 0.2 Poison Magic
 + Level 0.4 Invocations
 + Level 0.3 Evocations


You had 10 spell levels left.
You didn't know any spells.
Your spell library was empty.

Dungeon Overview and Level Annotations

Branches:
Dungeon (1/15)

Altars:


Innate Abilities, Weirdness & Mutations

Your experience applies equally to all skills.
You have very sharp teeth.
Your uncanny sense of smell can sniff out nearby items.


Message History

Aim: a leopard gecko (severely wounded)
You miss the leopard gecko.
The leopard gecko is severely wounded.
You block the leopard gecko's attack. The leopard gecko bites you.
Attack whom?
Press: ? - help, Dir - move target cursor, f/p - leopard gecko
Aim: a leopard gecko (severely wounded)
You closely miss the leopard gecko.
The leopard gecko is severely wounded.
The leopard gecko completely misses you.
You barely miss the leopard gecko. Your bite misses the leopard gecko.
The leopard gecko is severely wounded.
The leopard gecko bites you.
* * * LOW HITPOINT WARNING * * *
You hit the leopard gecko but do no damage.
The leopard gecko is severely wounded.
The leopard gecko bites you.
* * * LOW HITPOINT WARNING * * *
The leopard gecko bites you.
You die...

..### ######### .....
#.......# #.#.. #.......#
#. #.......#### .##.
##..........## ....
#............# ###.
#.......)....###...
#.@............#...
#l..............##.
...................#.....
.........................
...................##.#(.
...................##.#.#
...................##.#.#
.........$.........##.#..
#####..............##.###


You could see a leopard gecko.

Vanquished Creatures
  A ball python (D:1)
  A giant cockroach (D:1)
  2 hobgoblins (D:1)
  2 bats (D:1)
  3 frilled lizards (D:1)
  2 rats (D:1)
11 creatures vanquished.

Notes
Turn   | Place    | Note
-------+----------+-------------------------------------------
     0 | D:1      | Boetheseconed the Gnoll Wanderer began the quest for the
                  | Orb.
     0 | D:1      | Boetheseconed set off with the following items: a +0 spear,
                  | a scroll of teleportation, a +0 kite shield, a +0 robe, a
                  | +0 dagger
     0 | D:1      | Reached XP level 1. HP: 20/20 MP: 6/6
   431 | D:1      | Reached XP level 2. HP: 22/26 MP: 7/7
   536 | D:1      | Slain by a leopard gecko

Illustrated notes

Levels and vault maps discovered:
D:1:      nzn_arrival_crosshair, layout_basic

Skill      XL: |  1 |
---------------+----+-----
Ice Magic      | 2 |  2.0
Fighting       | |  4.4
Short Blades   | |  0.3
Long Blades    | |  0.3
Axes           | |  0.3
Maces & Flails | |  0.3
Polearms       | |  2.4
Staves         | |  0.3
Slings         | |  0.3
Bows           | |  0.3
Crossbows      | |  0.3
Throwing       | |  0.3
Armour         | |  0.3
Dodging        | |  0.3
Stealth        | |  4.0
Shields        | |  4.4
Unarmed Combat | |  0.3
Spellcasting   | |  4.9
Conjurations   | |  0.2
Hexes          | |  0.2
Summonings     | |  0.2
Necromancy     | |  0.2
Translocations | |  0.2
Transmutations | |  0.2
Fire Magic     | |  0.2
Air Magic      | |  0.2
Earth Magic    | |  0.2
Poison Magic   | |  0.2
Invocations    | |  0.4
Evocations     | |  0.3

Action                   || total
-------------------------++-------
Melee: Spear             ||    59
       Bite              ||     6
 Stab: Sleeping          ||     3
Armor: Robe              ||    10
Dodge: Dodged            ||    10
Block: Kite shield       ||    17

Table legend: (Time is in decaauts)
 A = Elapsed time spent in this place.
 B = Non-inter-level travel time spent in this place.
 C = Inter-level travel time spent in this place.
 D = Time resting spent in this place.
 E = Time spent auto-exploring this place.
 F = Levels seen in this place.
 G = Mean time per level.
                   A        B        C        D        E       F      G
               +--------+--------+--------+--------+--------+-----+--------+
         Total |    540 |    540 |      0 |      0 |    401 |   1 |  540.0 |
       Dungeon |    540 |    540 |      0 |      0 |    401 |   1 |  540.0 |
               +--------+--------+--------+--------+--------+-----+--------+

Top non-repeatable levels by time:
     D:1: 540 daAuts
